 Dungeon Crawl Stone Soup version 0.29.1-15-g9cfb28693d (webtiles) character file.

Game seed: 14022541480043870065

1479 protoss039 the Covered (level 8, 60/60 HPs)
             Began as a Demonspawn Earth Elementalist on Mar 12, 2023.
             Got out of the dungeon alive.
             The game lasted 00:08:03 (6446 turns).

protoss039 the Covered (DsEE)                       Turns: 6446, Time: 00:08:04

Health: 60/60      AC: 11    Str:  8    XL:     8   Next: 50%
Magic:  14/14      EV: 10    Int: 19    God:
Gold:   338        SH:  4    Dex: 20    Spells: 10/16 levels left

rFire   . . .      SeeInvis .   l - +0 dagger
rCold   . . .      Faith    .   (no shield)
rNeg    . . .      Spirit   .   g - +1 ring mail {Will+}
rPois   .          Reflect  .   i - +0 helmet
rElec   .          Harm     .   e - +2 cloak
rCorr   .          Rampage  .   (no gloves)
Will    +....                   (no boots)
Stlth   ++........              (no amulet)
HPRegen 0.20/turn               m - ring of flight
MPRegen 0.14/turn               z - +6 ring of dexterity

@: flying
A: large bone plates 1, demonic magic 1, demonic touch 2
a: no special abilities


You escaped.
You visited 1 branch of the dungeon, and saw 6 of its levels.

You collected 338 gold pieces.

Inventory:

Hand Weapons
 b - a +2 flail of protection
 l - a +0 dagger (weapon)
Armour
 e - a +2 cloak (worn)
 g - a +1 ring mail of willpower (worn)
 h - a scarf of repulsion
 i - a +0 helmet (worn)
Magical Staves
 c - a staff of earth
 x - a staff of air
Jewellery
 m - a ring of flight (left hand)
 z - a +6 ring of dexterity (right hand)
 J - a ring of protection from cold
 K - a ring of positive energy
Wands
 y - a wand of roots (17)
 I - a wand of charming (6)
Scrolls
 a - a scroll of poison
 d - 2 scrolls of fog
 j - a scroll of torment {unknown}
 k - 2 scrolls of identify
 p - 2 scrolls of amnesia
 t - a scroll of enchant armour
 w - a scroll of immolation {unknown}
 A - 2 scrolls of noise {unknown}
 B - a scroll of fear {unknown}
 C - a scroll of magic mapping {unknown}
 E - 2 scrolls of enchant weapon {unknown}
 F - a scroll of summoning {unknown}
Potions
 f - a potion of cancellation {unknown}
 n - a potion of heal wounds {unknown}
 o - 2 potions of lignification
 q - a potion of attraction {unknown}
 r - a potion of invisibility {unknown}
 s - a potion of berserk rage {unknown}
 u - 2 potions of curing
 v - 2 potions of ambrosia {unknown}
 D - a potion of haste {unknown}
 G - a potion of resistance {unknown}
 H - a potion of flight {unknown}


   Skills:
 + Level 4.3 Fighting
 * Level 5.1 Armour
 - Level 1.7 Dodging
 - Level 1.7 Stealth
 + Level 4.6 Spellcasting
 + Level 3.6 Conjurations
 - Level 0.8 Transmutations
 + Level 5.0 Earth Magic


You had 10 spell levels left.
You knew the following spells:

 Your Spells              Type           Power      Damage    Failure   Level
a - Sandblast             Erth           46%        2d11      4%          1
b - Passwall              Tmut/Erth      12%        N/A       16%         2
c - Stone Arrow           Conj/Erth      40%        3d9       19%         3

Your spell library contained the following spells:

 Spells                   Type           Power      Damage    Failure   Level
 Magic Dart               Conj           72%        1d6       8%          1
 Searing Ray              Conj           36%        2d5       12%         2
 Ensorcelled Hibernation  Hex/Ice        8%         N/A       47%         2
 Sublimation of Blood     Necr           4%         N/A       47%         2
 Swiftness                Air            4%         N/A       71%         3
 Petrify                  Tmut/Erth      15%        N/A       71%         4
 Fulminant Prism          Conj/Hex       5%         3d7       86%         4
 Irradiate                Conj/Tmut      6%         3d13      98%         5


Dungeon Overview and Level Annotations

Branches:
Dungeon (6/15) Zot: 25371  Temple (0/1) D:5

Altars:

Shops:
D:4 [   D:6 :


Innate Abilities, Weirdness & Mutations

You are partially covered in large bone plates. (SH +4)
Spells you cast may paralyse adjacent enemies.
Your touch may inflict irresistible damage on your foes.


Message History

Okay, then.
Your magical contamination has completely faded away.
There is an open translucent door here.
Done exploring.
Done exploring.
Done exploring.
Done exploring.
Done exploring.
Search for what [Enter for "."]? .
Done exploring.
There is an open translucent door here.
Things that are here:
a +3 quarterstaff of chaos; a +0 cloak
There is an open door here.
There is an open door here.
There is a stone staircase leading down here.
Okay, then.
(D) Dungeon (T) Temple
Where to? (Enter - D:6 @ (x,y), ? - help)
What level of the Dungeon? (default 1, ? - help)
There is a stone staircase leading up here.
You fly upwards.
There is a stone staircase leading down here.
There is a stone staircase leading up here.
You fly upwards.
There is a stone staircase leading down here.
There is a stone staircase leading up here.
You fly upwards.
There is a stone staircase leading down here.
There is a stone staircase leading up here.
You fly upwards.
There is a stone staircase leading down here.
There is a stone staircase leading up here.
You fly upwards.
There is a stone staircase leading down here.
There is a stone staircase leading down here.
There is a staircase leading out of the dungeon here.
There are no items here.
Are you sure you want to leave the Dungeon?
This will make you lose the game!
You have escaped!

....#.#### #.####### #..
....#....### #.# #######.#
.#######...# #.# #......##
....#.÷..#.# #.# #.#####.#
....#..###.# #.# #........
....#..# #.###.################..
.......# ####......(...########..
.......####≈≈....................
....).....#≈≈...@....###########.
....#####.#≈........≈# #. ###÷#
#.#≈....≈≈~≈≈# #. #.#
#.#≈≈≈...~≈≈≈# #. #.#
#.#≈≈≈≈≈≈≈≈≈≈# #.
#.#####.#≈≈≈≈≈≈≈≈≈≈# #.
#......[###≈≈≈≈≈≈≈### #.
########............## #.
##............# #.


There were no monsters in sight!

Vanquished Creatures
  Pikel (D:6)
  Edmund (D:6)
  A sky beast (D:6)
  2 black bears
  2 lemures (D:6)
  3 scorpions
  A howler monkey (D:5)
  3 hounds
  Crazy Yiuf (D:6)
  4 iguanas
  An orc wizard (D:3)
  6 gnolls
  4 adders
  A white imp (D:5)
  An ufetubus (D:4)
  2 dart slugs
  10 orcs
  8 endoplasms
  5 giant cockroaches
  6 hobgoblins
  4 jackals (D:2)
  5 kobolds
  3 quokkas
  6 ball pythons
  5 bats
  4 frilled lizards
  6 goblins
  2 rats (D:1)
98 creatures vanquished.

Notes
Turn   | Place    | Note
-------+----------+-------------------------------------------
     0 | D:1      | protoss039 the Demonspawn Earth Elementalist began the
                  | quest for the Orb.
     0 | D:1      | Reached XP level 1. HP: 13/13 MP: 3/3
   385 | D:1      | Gained mutation: Spells you cast may paralyse adjacent
                  | enemies. [demonic ancestry]
   385 | D:1      | Reached XP level 2. HP: 20/20 MP: 1/5
   534 | D:1      | Reached skill level 1 in Fighting
   553 | D:1      | Found a faded altar of an unknown god.
  1352 | D:1      | Learned a level 2 spell: Passwall
  1459 | D:2      | Gained mutation: Your touch may inflict minor irresistible
                  | damage on your foes. [demonic ancestry]
  1459 | D:2      | Reached XP level 3. HP: 22/26 MP: 2/6
  1888 | D:2      | Gained mutation: Your touch may inflict irresistible damage
                  | on your foes. [demonic ancestry]
  1888 | D:2      | Reached XP level 4. HP: 32/33 MP: 6/8
  2136 | D:2      | Learned a level 3 spell: Stone Arrow
  2368 | D:3      | Reached skill level 1 in Armour
  2603 | D:3      | Reached XP level 5. HP: 38/38 MP: 6/9
  3001 | D:3      | Reached skill level 1 in Conjurations
  3269 | D:4      | Found Nounefet's Antique Armour Emporium.
  3538 | D:5      | Entered Level 5 of the Dungeon
  3558 | D:5      | Noticed a black bear
  3566 | D:5      | Killed a black bear
  3567 | D:5      | Gained mutation: You are partially covered in large bone
                  | plates. (SH +4) [demonic ancestry]
  3567 | D:5      | Reached XP level 6. HP: 46/46 MP: 6/11
  4506 | D:5      | Reached XP level 7. HP: 46/52 MP: 7/12
  4548 | D:5      | Found a staircase to the Ecumenical Temple.
  4838 | D:6      | Noticed Pikel
  4846 | D:6      | Killed Pikel
  4847 | D:6      | Reached XP level 8. HP: 57/60 MP: 7/14
  5193 | D:6      | Noticed Edmund
  5233 | D:6      | Killed Edmund
  5697 | D:6      | Reached skill level 5 in Armour
  5697 | D:6      | Reached skill level 5 in Earth Magic
  5859 | D:6      | Found a runed translucent door.
  5860 | D:6      | Noticed Crazy Yiuf
  5912 | D:6      | Found Boelleikh's Book Shop.
  6221 | D:6      | Killed Crazy Yiuf
  6446 | D:$      | Got out of the dungeon alive.

Illustrated notes

Levels and vault maps discovered:
D:1:      dpeg_arrival_pond, layout_loops_ring, basic_ecumenical_altar,
          minivault_27
D:2:      layout_loops_ring
D:3:      layout_basic, corexii_shack, chequers_arboretum,
          minmay_fractal_squares_gapless_5
D:4:      layout_rooms, serial_shops, nicolae_shop_crystal
D:5:      layout_basic, minmay_temple_entry_from_below_a
D:6:      layout_loops_corners, serial_shops, nicolae_lakefront_shop,
          hangedman_abyss_or_decor_passed,
          nicolae_concentric_dashed_squares_mild, uniq_edmund, uniq_pikel,
          uniq_crazy_yiuf_cottage

Skill      XL: |  1  2  3  4  5  6  7  8 |
---------------+-------------------------+-----
Fighting       | 1 2 3 4 |  4.3
Earth Magic    | 3 4 5 |  5.0
Armour         | 1 2 3 4 5 |  5.1
Spellcasting   | 3 4 |  4.6
Conjurations   | 1 2 3 |  3.6
Dodging        | |  1.7
Stealth        | |  1.7
Transmutations | |  0.8

Action                   |  1- 3 |  4- 6 |  7- 9 || total
-------------------------+-------+-------+-------++-------
Melee: Staff             |    14 |       |       ||    14
       Punch             |     1 |     2 |       ||     3
       Dagger            |     8 |    50 |    14 ||    72
       Touch             |     3 |     7 |     7 ||    17
 Cast: Sandblast         |    46 |    72 |    24 ||   142
       Stone Arrow       |       |       |    10 ||    10
  Use: Scroll            |       |       |     5 ||     5
       Potion            |       |       |     3 ||     3
 Stab: Paralysed         |    10 |    21 |     9 ||    40
       Sleeping          |       |     1 |     1 ||     2
Armor: Robe              |     2 |       |       ||     2
       Ring mail         |    10 |    33 |    12 ||    55
       Skin              |       |       |     2 ||     2
Dodge: Dodged            |    25 |    35 |    16 ||    76
Block: Other             |       |     3 |     4 ||     7
